 Dungeon Crawl Stone Soup version 0.28-a0-771-g91a516d0e7 (webtiles) character file.

Game seed: 15870146379034140538

44366 Johnny the Fencer (level 14, 0/121 HPs)
             Began as a Human Berserker on Nov 1, 2021.
             Was a Priest of Trog.
             Slain by a freezing wraith (11 damage)
             ... led by a death knight
             ... on level 14 of the Dungeon.
             The game lasted 00:18:25 (13640 turns).

Johnny the Fencer (Human Berserker)                Turns: 13640, Time: 00:18:25

Health: 0/121      AC: 16    Str: 24    XL:     14   Next: 65%
Magic:  14/14      EV: 20    Int:  9    God:    Trog [***...]
Gold:   889        SH:  0    Dex: 14    Spells: 13/13 levels left

rFire   . . .      SeeInvis .   Q - +3 scimitar (flame)
rCold   . . .      Faith    .   (no shield)
rNeg    . . .      Spirit   .   n - +4 troll leather armour
rPois   .          Reflect  .   (no helmet)
rElec   .          Harm     .   f - +1 cloak of Starlight {*Dazzle EV+4 Stlth--}
rCorr   +          Rampage  .   y - +0 pair of gloves
Will    +....                   L - +0 pair of boots
Stlth   ..........              (no amulet)
HPRegen 2.30/turn               x - ring "Takke" {rCorr AC+4 Str+2}
MPRegen 0.14/turn               R - ring "Miothop" {EV+4 Int+2}

@: confused, weak-willed, ambrosia-drunk, strong-willed, on berserk cooldown,
regenerating, hasted and slowed
A: no striking features
a: Renounce Religion, Berserk, Trog's Hand


You were on level 14 of the Dungeon.
You worshipped Trog.
Trog was most pleased with you.
You visited 2 branches of the dungeon, and saw 16 of its levels.
You also visited: Gauntlet.

You collected 889 gold pieces.

Inventory:

Hand Weapons
 d - a +3 vorpal great sword
 p - the +5 scimitar of Kumily {spect, rN+}
   (You found it on level 3 of the Dungeon)

   When its wielder attacks, the weapon's spirit leaps out and strikes again.
   The spirit shares a part of any damage it takes with its wielder.
   rN:        It protects you from negative energy.
 J - a +0 scimitar of flaming
 P - a +3 long sword of electrocution
 Q - a +3 scimitar of flaming (weapon)
Missiles
 u - 5 throwing nets (quivered)
Armour
 f - the +1 cloak of Starlight (worn) {*Dazzle EV+4 Stlth--}
   (You found it in a Gauntlet)

   It may blind those who miss an attack against the wearer in melee combat.
   EV:        It affects your evasion (+4).
   Stlth:     It makes you much less stealthy.
 n - a +4 troll leather armour (worn)
 y - a +0 pair of gloves (worn)
 A - the +5 ring mail of Edettul {Drain rN+ Stlth+}
   (You found it on level 5 of the Dungeon)

   rN:        It protects you from negative energy.
   Drain:     It drains your maximum health when unequipped.
   Stlth:     It makes you more stealthy.
 G - a +2 cloak of preservation
 L - a +0 pair of boots (worn)
 S - quicksilver dragon scales
Jewellery
 e - the ring "Qotar" {Str+4 SInv}
   (You took it off a kobold demonologist on level 15 of the Dungeon)

   [ring of see invisible]

   Str:       It affects your strength (+4).
   SInv:      It lets you see invisible.
 g - a ring of positive energy
 w - a ring of protection from fire
 x - the ring "Takke" (left hand) {rCorr AC+4 Str+2}
   (You found it on level 5 of the Dungeon)

   [ring of protection]

   AC:        It affects your AC (+4).
   Str:       It affects your strength (+2).
   rCorr:     It protects you from acid and corrosion.
 B - a ring of protection from cold
 R - the ring "Miothop" (right hand) {EV+4 Int+2}
   (You took it off a minotaur in a Gauntlet)

   [ring of evasion]

   EV:        It affects your evasion (+4).
   Int:       It affects your intelligence (+2).
 U - the ring of Metiexus {rC- rN+ Will+ Str+4 Dex+5}
   (You found it in a Gauntlet)

   [ring of willpower]

   Str:       It affects your strength (+4).
   Dex:       It affects your dexterity (+5).
   rC:        It makes you vulnerable to cold.
   rN:        It protects you from negative energy.
   Will:      It increases your willpower.
Wands
 r - a wand of paralysis (6)
 F - a wand of iceblast (21)
 I - a wand of flame (13)
 T - a wand of polymorph (6)
Scrolls
 a - a scroll of silence
 h - 3 scrolls of magic mapping
 o - 3 scrolls of enchant armour
 t - 3 scrolls of immolation
 v - 2 scrolls of noise
 D - 2 scrolls of brand weapon
 E - 2 scrolls of holy word
 H - a scroll of amnesia
Potions
 b - a potion of mutation
 c - a potion of curing
 k - 2 potions of attraction
 l - 3 potions of flight
 m - a potion of ambrosia
 q - 2 potions of cancellation
 s - a potion of haste
 z - a potion of might
 C - 2 potions of degeneration
 K - a potion of berserk rage


   Skills:
 + Level 14.5 Fighting
 * Level 19.7 Long Blades
 - Level 2.0 Armour
 - Level 2.0 Dodging


You had 13 spell levels left.
You didn't know any spells.
Your spell library was empty.

Dungeon Overview and Level Annotations

Branches:
Dungeon (15/15)            Temple (1/1) D:4            Lair (0/6) D:8
    Orc (0/2) D:11         Vaults (0/5) D:13         Depths (0/4) D:15
Gauntlet (visited)

Altars:
Ashenzari
Cheibriados
Dithmenos
Elyvilon
Gozag
Hepliaklqana
Kikubaaqudgha
Makhleb
Okawaru
Qazlal
Uskayaw
Wu Jian
Xom

Shops:
D:6 (

Annotations:
D:14 3 runed translucent doors, Ygrerud's ghost, journeyman HOCA


Message History

The freezing wraith hits you.
* * * LOW HITPOINT WARNING * * *
The freezing wraith drains your vigour!
You feel as though you will be slow longer.
Aiming: Corrosive Bolt
Press: ? - help, Shift-Dir - straight line, f/p - 13-headed hydra
Aim: a 13-headed hydra (severely wounded, covered in acid, 90% to hit)
The bolt of acid hits the freezing wraith!
The acid corrodes the freezing wraith!
The freezing wraith is moderately damaged.
The bolt of acid hits the 13-headed hydra!
The 13-headed hydra seems to be corroded for longer.
The 13-headed hydra is almost dead.
The now-empty wand crumbles to dust.
The phantasmal warrior barely misses you.
The freezing wraith barely misses you. The freezing wraith misses you.
You are confused.
You feel invigorated.
The phantasmal warrior barely misses you.
The freezing wraith completely misses you. x2
You closely miss the freezing wraith.
The freezing wraith is moderately damaged.
The freezing wraith hits you but does no damage.
The freezing wraith barely misses you. The phantasmal warrior misses you.
You bump into the rock wall.
The phantasmal warrior misses you. The freezing wraith closely misses you.
The freezing wraith completely misses you.
You hit the freezing wraith. You burn the freezing wraith.
The freezing wraith is moderately damaged.
You bump into the rock wall.
The phantasmal warrior hits you!!
* * * LOW HITPOINT WARNING * * *
The freezing wraith hits you!
* * * LOW HITPOINT WARNING * * *
The freezing wraith freezes you!
* * * LOW HITPOINT WARNING * * *
The freezing wraith completely misses you.
You hit the phantasmal warrior. You burn the phantasmal warrior.
The phantasmal warrior is lightly damaged.
The phantasmal warrior misses you. The freezing wraith hits you!
You die...

....................#
.....(...........(.#.
#####...............#
.8( #............# ?:.
#...†)..D...#... ...
#.........### ...
#....†#....### ...
#.........##.## ++#
#.....#...DW@.###
..........#....W....##
.....................#
....................##
...............#.....#
.....................#
............#.....#.##
.................####
............#...##


You could see a 13-headed hydra (corroded), a phantasmal warrior and a freezing
wraith (corroded).

Vanquished Creatures
  Gastronok (D:11)
  A tengu reaver (D:12)
  Frances (D:14)
  A minotaur (Gauntlet)
  An ettin (D:15)
  Snorg (D:11)
  A yaktaur captain (D:12)
  A great orb of eyes (D:15)
  Harold (D:9)
  2 hydras (D:14)
  3 vault guards
  A catoblepas (Gauntlet)
  A rakshasa (D:14)
  A boulder beetle (D:15)
  An ogre mage (D:15)
  A death knight (D:14)
  4 centaur warriors
  7 two-headed ogres
  4 death yaks (Gauntlet)
  A deep troll (D:15)
  A phantasmal warrior (D:14)
  A deep elf pyromancer (D:15)
  A wolf spider zombie (D:15)
  Pikel (D:9)
  A necromancer (D:15)
  4 cyclopes
  6 ugly things
  2 manticores
  Maurice (D:8)
  A torpor snail (Gauntlet)
  5 gargoyles
  2 molten gargoyles (Gauntlet)
  2 centaur skeletons (D:15)
  A kobold demonologist (D:15)
  Maggie (D:10)
  Psyche (D:11)
  3 efreet
  A freezing wraith (D:14)
  3 meliai (D:14)
  4 trolls
  A wolf spider simulacrum (D:15)
  A hornet (D:9)
  A shadow (D:12)
  11 yaks
  A fire elemental (D:12)
  2 wraiths
  A steam dragon (D:7)
  4 acid dragons
  A water moccasin (shapeshifter) (D:15)
  2 floating eyes (D:15)
  5 orc warriors
  2 water moccasins
  2 black bears (D:5)
  2 meliai simulacra
  Duvessa (D:4)
  An ice beast (D:8)
  2 ogres
  A boggart (D:12)
  8 centaurs
  The ghost of tenar the Conjurer, an amateur DsCj (D:4)
  A phantom (D:5)
  A kobold brigand (D:10)
  4 bullfrogs
  A scorpion (D:7)
  A wyvern zombie (D:6)
  Dowan (D:4)
  7 wights
  8 howler monkeys
  9 electric eels (D:11)
  3 lava snakes (D:12)
  2 centaur zombies
  5 orc priests
  A gnoll shaman (D:5)
  A bullfrog skeleton (D:6)
  4 jellies
  An iguana (D:4)
  Ijyb (D:4)
  6 orc wizards
  4 killer bee zombies
  2 hound skeletons
  A howler monkey zombie (D:6)
  9 gnolls
  7 adders
  A white imp (D:5)
  An ufetubus (D:5)
  A dart slug (D:4)
  31 orcs
  7 endoplasms
  A giant cockroach (D:1)
  2 goblins
  7 hobgoblins
  8 kobolds
  4 ball pythons
  A bat (D:3)
  A frilled lizard (D:3)
  2 rats
274 creatures vanquished.

Vanquished Creatures (collateral kills)
  2 manticores (D:14)
2 creatures vanquished.

Vanquished Creatures (others)
  An orc wizard (D:12)
  A quokka (D:11)
  11 plants
  20 withered plants (Gauntlet)
33 creatures vanquished.

Grand Total: 309 creatures vanquished

Notes
Turn   | Place    | Note
-------+----------+-------------------------------------------
     0 | D:1      | Johnny the Human Berserker began the quest for the Orb.
     0 | D:1      | Reached XP level 1. HP: 18/18 MP: 1/1
   923 | D:2      | Reached XP level 2. HP: 19/24 MP: 2/2
  1088 | D:2      | Reached XP level 3. HP: 23/29 MP: 3/3
  1483 | D:2      | Reached skill level 4 in Long Blades
  1486 | D:2      | Reached XP level 4. HP: 36/36 MP: 4/4
  2235 | D:3      | Noticed a centaur
  2244 | D:3      | Killed a centaur
  2245 | D:3      | Reached skill level 5 in Long Blades
  2245 | D:3      | Reached XP level 5. HP: 42/42 MP: 5/5
  2456 | D:3      | Identified the +5 scimitar of Kumily {spect, rN+}
  2863 | D:3      | Reached XP level 6. HP: 44/48 MP: 6/6
  3085 | D:4      | Found a staircase to the Ecumenical Temple.
  3085 | D:4      | Noticed Dowan
  3086 | D:4      | Noticed Duvessa
  3091 | D:4      | Killed Duvessa
  3093 | D:4      | Killed Dowan
  3093 | D:4      | Reached ** piety under Trog
  3094 | D:4      | Reached skill level 6 in Long Blades
  3155 | D:4      | Reached XP level 7. HP: 55/55 MP: 7/7
  3257 | D:4      | Noticed tenar's ghost (amateur DsCj)
  3258 | D:4      | Found a transporter.
  3378 | D:4      | Noticed Ijyb
  3383 | D:4      | Paralysed by Ijyb for 4 turns
  3393 | D:4      | Killed Ijyb
  3513 | D:4      | Identified the +2 great mace "Grim" {holy, rElec rPois rF-
                  | Str+5}
  3516 | D:4      | Found a transporter.
  3701 | Temple   | Entered the Ecumenical Temple
  3728 | D:4      | Reached skill level 5 in Fighting
  3729 | D:4      | Killed tenar's ghost
  3730 | D:4      | Reached skill level 7 in Long Blades
  3793 | D:5      | Entered Level 5 of the Dungeon
  3820 | D:5      | Reached XP level 8. HP: 34/63 MP: 8/8
  3946 | D:5      | Reached skill level 8 in Long Blades
  4108 | D:5      | Identified the ring "Takke" {rCorr AC+4 Str+2}
  4539 | D:5      | Identified the +5 ring mail of Edettul {Drain rN+ Stlth+}
  4876 | D:6      | Reached skill level 9 in Long Blades
  4929 | D:6      | Reached XP level 9. HP: 71/71 MP: 9/9
  4956 | D:6      | Found Copom's Hydra Hut.
  4957 | D:6      | Noticed an eight-headed hydra
  5327 | D:7      | Reached skill level 10 in Long Blades
  5339 | D:7      | Reached *** piety under Trog
  5966 | D:8      | Noticed Maurice
  5973 | D:8      | Killed Maurice
  6006 | D:8      | Found a staircase to the Lair.
  6026 | D:8      | Reached skill level 11 in Long Blades
  6252 | D:8      | Reached XP level 10. HP: 74/80 MP: 10/10
  6559 | D:8      | Noticed an efreet
  6565 | D:8      | Killed an efreet
  7057 | D:9      | Reached skill level 12 in Long Blades
  7105 | D:9      | Noticed Harold
  7112 | D:9      | Killed Harold
  7172 | D:9      | Noticed a two-headed ogre
  7177 | D:9      | Killed a two-headed ogre
  7423 | D:9      | Reached skill level 13 in Long Blades
  7423 | D:9      | Reached XP level 11. HP: 90/90 MP: 11/11
  7438 | D:9      | Noticed Pikel
  7443 | D:9      | Killed Pikel
  7621 | D:9      | Noticed a two-headed ogre
  7626 | D:9      | Killed a two-headed ogre
  7627 | D:9      | Reached skill level 10 in Fighting
  7951 | D:10     | Entered Level 10 of the Dungeon
  7951 | D:10     | Noticed Maggie
  7955 | D:10     | Killed Maggie
  7955 | D:10     | Reached **** piety under Trog
  8043 | D:10     | Reached skill level 14 in Long Blades
  8310 | D:10     | Noticed a cyclops
  8314 | D:10     | Killed a cyclops
  9109 | D:11     | Noticed Snorg
  9117 | D:11     | Killed Snorg
  9125 | D:11     | Noticed Psyche
  9527 | D:11     | Found a white marble altar of Elyvilon.
  9531 | D:11     | Noticed Gastronok
  9546 | D:11     | Killed Gastronok
  9547 | D:11     | Reached skill level 15 in Long Blades
  9547 | D:11     | Reached XP level 12. HP: 97/100 MP: 12/12
  9866 | D:11     | Found a staircase to the Orcish Mines.
 10130 | D:11     | Noticed a two-headed ogre
 10137 | D:11     | Killed a two-headed ogre
 10141 | D:11     | Killed Psyche
 10647 | D:11     | Noticed a two-headed ogre
 10654 | D:11     | Killed a two-headed ogre
 10766 | D:12     | Identified a scroll of acquirement
 10767 | D:12     | Acquired a +0 vorpal great sword
 10799 | D:12     | Noticed a two-headed ogre
 10801 | D:12     | Identified the +5 rapier "Uguhebo" {vamp, rElec rC++}
 10805 | D:12     | Killed a two-headed ogre
 10806 | D:12     | Reached skill level 16 in Long Blades
 11386 | D:12     | Noticed a tengu reaver
 11395 | D:12     | Noticed a yaktaur captain
 11553 | D:12     | Killed a tengu reaver
 11562 | D:12     | Killed a yaktaur captain
 11624 | D:12     | Reached XP level 13. HP: 100/109 MP: 13/13
 11930 | D:13     | Found a gate to the Vaults.
 11930 | D:13     | Noticed a vault guard
 11930 | D:13     | Noticed a vault guard
 11930 | D:13     | Noticed a vault guard
 11930 | D:13     | Noticed a vault guard
 11964 | D:13     | Noticed a centaur warrior
 11967 | D:13     | Killed a centaur warrior
 11968 | D:13     | Reached skill level 17 in Long Blades
 12030 | D:13     | Found a gate leading to a gauntlet.
 12039 | Gauntlet | Entered a Gauntlet
 12039 | Gauntlet | Noticed a catoblepas
 12039 | Gauntlet | Found a transporter.
 12039 | Gauntlet | Found a transporter.
 12171 | Gauntlet | Found a transporter.
 12171 | Gauntlet | Found a transporter.
 12174 | Gauntlet | Found a transporter.
 12184 | Gauntlet | Found a transporter.
 12198 | Gauntlet | Found a transporter.
 12206 | Gauntlet | Found a transporter.
 12223 | Gauntlet | Found a transporter.
 12227 | Gauntlet | Found a large runed translucent door.
 12228 | Gauntlet | Found a large runed translucent door.
 12229 | Gauntlet | Found a large runed translucent door.
 12229 | Gauntlet | Found a large runed translucent door.
 12230 | Gauntlet | Found a runed translucent gate.
 12230 | Gauntlet | Found a large runed translucent door.
 12230 | Gauntlet | Found a large runed translucent door.
 12230 | Gauntlet | Found a runed translucent door.
 12231 | Gauntlet | Found a transporter.
 12231 | Gauntlet | Found a runed translucent gate.
 12232 | Gauntlet | Found a runed translucent gate.
 12233 | Gauntlet | Found a large runed translucent door.
 12233 | Gauntlet | Found a large runed translucent door.
 12234 | Gauntlet | Found a large runed translucent door.
 12235 | Gauntlet | Found a large runed translucent door.
 12244 | Gauntlet | Found a large runed translucent door.
 12244 | Gauntlet | Found a large runed translucent door.
 12244 | Gauntlet | Found a runed translucent door.
 12245 | Gauntlet | Found a large runed translucent door.
 12246 | Gauntlet | Found a large runed translucent door.
 12248 | Gauntlet | Found a transporter.
 12300 | Gauntlet | Found a transporter.
 12300 | Gauntlet | Found the +1 cloak of Starlight {*Dazzle EV+4 Stlth--}
 12339 | Gauntlet | Found a large runed translucent door.
 12340 | Gauntlet | Found a large runed translucent door.
 12379 | Gauntlet | Killed a catoblepas
 12414 | Gauntlet | Identified the +8 mace of Ashenzari's Generosity {flame,
                  | rF+ Str+7 Int-5}
 12685 | Gauntlet | Identified the ring "Miothop" {EV+4 Int+2}
 12685 | Gauntlet | Noticed a minotaur
 12699 | Gauntlet | Killed a minotaur
 12748 | Gauntlet | Identified the ring of Metiexus {rC- rN+ Will+ Str+4 Dex+5}
 12782 | D:13     | Killed a vault guard
 12782 | D:13     | Noticed a centaur warrior
 12785 | D:13     | Reached skill level 18 in Long Blades
 12792 | D:13     | Killed a centaur warrior
 12801 | D:14     | Noticed a six-headed hydra
 12805 | D:15     | Entered Level 15 of the Dungeon
 12805 | D:15     | Noticed a centaur warrior
 12864 | D:15     | Noticed a vault guard
 12870 | D:15     | Killed a vault guard
 12871 | D:15     | Paralysed by a floating eye for 4 turns
 12878 | D:15     | Identified the ring "Qotar" {Str+4 SInv}
 12879 | D:15     | Noticed an ogre mage
 12888 | D:15     | Killed an ogre mage
 12907 | D:15     | Noticed a boulder beetle
 12917 | D:15     | Killed a boulder beetle
 12936 | D:15     | Reached XP level 14. HP: 119/119 MP: 14/14
 12986 | D:15     | Found a staircase to the Depths.
 13070 | D:15     | Paralysed by a floating eye for 2 turns
 13074 | D:15     | Paralysed by a floating eye for 4 turns
 13133 | D:14     | Noticed Frances
 13141 | D:14     | Killed Frances
 13142 | D:14     | Reached skill level 19 in Long Blades
 13443 | D:14     | Found a runed translucent gate.
 13443 | D:14     | Found a runed translucent gate.
 13443 | D:14     | Found a runed translucent gate.
 13444 | D:14     | Noticed Ygrerud's ghost (journeyman HOCA)
 13640 | D:14     | Slain by a freezing wraith

Illustrated notes

Levels and vault maps discovered:
D:1:      mrwooster_arrival_arrow, layout_basic, minivault_24,
          minmay_crystal_water
D:2:      layout_loops_corners
D:3:      layout_loops_ring, dk_noncrumbling_3
D:4:      layout_basic, minmay_temple_entry_grid, gammafunk_ghost_smash,
          bh_walls_and_bars, uniq_duvessa, uniq_ijyb
D:5:      layout_loops_ring, sigmund_army
D:6:      layout_basic, nicolae_overflow_hidden_temple, doesnt_shop_hydraphobe
D:7:      layout_loops_cross, amcnicky_mini_pool_medium
D:8:      layout_loops_corners, lair_entry_dummy, uniq_maurice
D:9:      layout_irregular_city, uniq_harold, uniq_pikel
D:10:     layout_stronghold, uniq_maggie
D:11:     layout_basic, hiddenorc1_lemuel, chequers_serial_rivers_micro_e,
          elyvilon_altar_4, uniq_gastronok, uniq_snorg, uniq_psyche
D:12:     minmay_mutant_horseshoe, layout_cave_pools, kennysheep_cluttered_room,
          grunt_ministairs_3
D:13:     layout_small_grid, lightli_vaults_fourway_checkpoint,
          gauntlet_entry_generic, special_room [special_room_bee]
D:14:     layout_cross, nicolae_hepliaklqana_hazy_memory,
          gammafunk_ghost_spectres, uniq_frances
D:15:     hangedman_spin_cycle
Temple:   dpeg_three_leaves_temple

Skill      XL: |  1  2  3  4  5  6  7  8  9 10 11 12 13 14 |
---------------+-------------------------------------------+-----
Long Blades    | 4 5 6 7 9 11 13 15 16 18 19 | 19.7
Fighting       | 4 5 6 8 9 11 12 13 14 | 14.5
Armour         | |  2.0
Dodging        | |  2.0

Action                   |  1- 3 |  4- 6 |  7- 9 | 10-12 | 13-15 || total
-------------------------+-------+-------+-------+-------+-------++-------
Melee: Falchion          |    50 |    55 |       |       |       ||   105
       Scimitar          |       |    23 |   150 |   246 |   206 ||   625
Throw: Throwing net      |       |       |       |       |     9 ||     9
Invok: Berserk           |     1 |     2 |     7 |    11 |    12 ||    33
       Trog's Hand       |       |       |     2 |     5 |    11 ||    18
       Brothers in Arms  |       |       |       |       |     3 ||     3
Evoke: Wand              |       |       |       |    20 |     6 ||    26
  Use: Scroll            |       |       |       |    16 |    17 ||    33
       Potion            |       |       |       |     4 |    14 ||    18
 Stab: Sleeping          |     1 |       |     1 |     1 |     2 ||     5
       Distracted        |       |       |       |     1 |     1 ||     2
       Invisible         |       |       |       |     1 |     6 ||     7
       Held in net/web   |       |       |       |       |     3 ||     3
Armor: Plate armour      |    23 |    76 |    49 |       |       ||   148
       Animal skin       |     2 |       |       |       |       ||     2
       Ring mail         |       |       |    33 |   119 |    27 ||   179
       Troll leather arm |       |       |       |       |    84 ||    84
Dodge: Dodged            |    18 |    22 |    67 |    99 |   256 ||   462

Table legend: (Time is in decaauts)
 A = Elapsed time spent in this place.
 B = Non-inter-level travel time spent in this place.
 C = Inter-level travel time spent in this place.
 D = Time resting spent in this place.
 E = Time spent auto-exploring this place.
 F = Levels seen in this place.
 G = Mean time per level.
                   A        B        C        D        E       F      G
               +--------+--------+--------+--------+--------+-----+--------+
         Total |  13841 |  13315 |    526 |   1703 |   9391 |  17 |  814.2 |
       Dungeon |  13095 |  12569 |    526 |   1464 |   9089 |  15 |  873.0 |
        Temple |      1 |      1 |      0 |      0 |      0 |   1 |    1.0 |
      Gauntlet |    744 |    744 |      0 |    239 |    302 |   1 |  744.0 |
               +--------+--------+--------+--------+--------+-----+--------+

Top non-repeatable levels by time:
    D:10: 1444 daAuts
    D:11: 1374 daAuts
    D:12: 1227 daAuts
     D:2: 1127 daAuts
     D:9: 1040 daAuts
     D:3: 997 daAuts
     D:8: 971 daAuts
     D:1: 918 daAuts
     D:5: 859 daAuts
     D:4: 812 daAuts
Gauntlet: 744 daAuts
     D:7: 742 daAuts
     D:6: 614 daAuts
    D:14: 528 daAuts
    D:15: 321 daAuts
